AoeStats
← andonihc9

Arabia

509959799Analyzed
1v1 RM · 4d ago on Sep 28, 2026· 27m 46s· 2 players
Game mode
Random Map
Map size
Tiny (2 player)
Population
200
Speed
Normal
Resources
Standard
Victory
Conquest
Starting age
Dark Age
Ending age
Imperial Age
RankedLock teamsTeams togetherTeam positionsShared explorationLock speedFull tech treeHidden civsTurbo modeCheats
Victory
Defeat
🇲🇽 Byzantines · Mexico
808
+35
🇺🇸 Celts · United States
817
-38
andonihc9
8:05 Loom
11:11 Feudal Age
11:38 Double-Bit Axe
15:45 Fletching
25:23 Castle Age
24:06 Horse Collar
25:08 Forging
27:29 Crossbowman
Santar
3:25 Loom
12:28 Feudal Age
12:30 Man-at-Arms
16:26 Arson
27:30 Forging
Connection lost

Rejoining the realm…

Still unreachable

The connection could not be restored.

Session expired

The server has moved on; the page needs a fresh start.